 Dungeon Crawl Stone Soup version 0.30.1-3-gfc49f6343a (webtiles) character file.

Game seed: 3416046941361405390

28 booth the Magician (level 3, -2/26 HPs)
             Began as a Djinni Ice Elementalist on July 30, 2023.
             Slain by Natasha (9 damage)
             ... on level 2 of the Dungeon on July 31, 2023.
             The game lasted 00:05:34 (676 turns).

booth the Magician (Djinni Ice Elementalist)         Turns: 676, Time: 00:05:34

Health: -2/26      AC:  2    Str:  7    XL:     3   Next: 30%
Gold:   24         EV: 12    Int: 18    God:
                   SH:  0    Dex: 13

rFire   + + .        b - +0 spear
rCold   x . .        (no shield)
rNeg    . . .        a - +0 robe
rPois   ∞            (no helmet)
rElec   .            (no cloak)
rCorr   .            (no gloves)
SInv    .            (boots unavailable)
Will    .....        (no amulet)
Stlth   ++           (no ring)
HPRegen 0.24/turn    (no ring)
MPRegen 0.00/turn

%: infuse magic (-3 HP)
@: flying
A: sickness immunity, fire resistance 2, cold vulnerability 1, float, innate
caster, HP casting, extra vitality 1
a: no special abilities


You were on level 2 of the Dungeon.
You visited 1 branch of the dungeon, and saw 2 of its levels.

You collected 24 gold pieces.

Inventory:

Hand Weapons
 b - a +0 spear (weapon)
Armour
 a - a +0 robe (worn)
Potions
 c - a potion of attraction


   Skills:
 + Level 0.9 Fighting
 + Level 0.5 Polearms
 + Level 2.4 Dodging
 + Level 1.9 Stealth
 * Level 3.5 Spellcasting


You knew the following spells:

 Your Spells              Type           Power      Damage    Failure   Level
a - Freeze                Ice            60%        1d7       3%          1
b - Frozen Ramparts       Ice            30%        1d5       11%         3
c - Ozocubu's Armour      Ice            15%        N/A       11%         3
d - Summon Ice Beast      Ice/Summ       15%        N/A       36%         4
e - Sting                 Tmut/Pois      60%        1d6       3%          1
Your spell library was empty.

Dungeon Overview and Level Annotations

Branches:
Dungeon (2/15)

Altars:

Annotations:
D:2 Natasha


Innate Abilities, Weirdness & Mutations

You are immune to sickness and miasma.
You are immune to poison.
Your flesh is very heat resistant. (rF++)
You are vulnerable to cold. (rC-)
You float through the air rather than walking.
You learn spells naturally, not from books.
Your magical power is your life essence.
You have superior vitality. (+4 MHP)


Message History

Confirm with . or Enter, or press ? or * to list all spells.
Aiming: Freeze (safe; 3% risk of failure)
Press: ? - help, Shift-Dir - straight line, f - bat
Aim: a bat You freeze the bat.
You kill the bat!
Reach: b) +0 spear
Press: ? - help, Dir - move target, f - Natasha
Aim: Natasha (about 49% to evade your +0 spear)
You reach to attack!
You hit Natasha.
Natasha is lightly wounded.
Natasha stares at you and mumbles some strange words.
The magic dart hits you. Natasha misses you.
Casting: Freeze (safe; 3% risk of failure)
Confirm with . or Enter, or press ? or * to list all spells.
Aiming: Freeze (safe; 3% risk of failure)
Press: ? - help, Shift-Dir - straight line, f/p - Natasha
Aim: Natasha (lightly wounded)
You freeze Natasha.
Natasha is moderately wounded.
Natasha barely misses you.
Casting: Freeze (safe; 3% risk of failure)
Confirm with . or Enter, or press ? or * to list all spells.
Aiming: Freeze (safe; 3% risk of failure)
Press: ? - help, Shift-Dir - straight line, f/p - Natasha
Aim: Natasha (moderately wounded)
You freeze Natasha.
Natasha is severely wounded.
Natasha claws you!
Casting: Freeze (safe; 3% risk of failure)
Confirm with . or Enter, or press ? or * to list all spells.
Aiming: Freeze (safe; 3% risk of failure)
Press: ? - help, Shift-Dir - straight line, f/p - Natasha
Aim: Natasha (severely wounded)
You freeze Natasha.
Natasha is severely wounded.
* * * LOW HITPOINT WARNING * * *
Natasha claws you!
You die...

######
#....#
#...)###
#..†...#
#.<...(##.
#.@.........
#.h..#...#.#
#....##.?#
##.#..#....
#.#...#...#
#.....# ...
#?###.# #.#
..# .#


You could see Natasha.

Vanquished Creatures
  A dart slug (D:1)
  3 bats
  3 endoplasms (D:1)
  5 giant cockroaches (D:1)
  3 hobgoblins (D:1)
  2 ball pythons (D:1)
  A frilled lizard (D:1)
  3 kobolds (D:1)
  3 rats (D:1)
24 creatures vanquished.

Notes
Turn   | Place    | Note
-------+----------+-------------------------------------------
     0 | D:1      | booth the Djinni Ice Elementalist began the quest for the
                  | Orb.
     0 | D:1      | booth set off with the following spells memorised: Freeze,
                  | Frozen Ramparts, Ozocubu's Armour, Summon Ice Beast.
     0 | D:1      | Reached XP level 1. HP: 15/15 MP: 0/0
    92 | D:1      | Reached XP level 2. HP: 8/21 MP: 0/0
   413 | D:1      | Reached XP level 3. HP: 23/26 MP: 0/0
   413 | D:1      | Learned a level 1 spell: Sting
   666 | D:2      | Noticed Natasha
   676 | D:2      | Slain by Natasha

Illustrated notes

Levels and vault maps discovered:
D:1:      dpeg_arrival_erosion, layout_rooms
D:2:      layout_rooms, uniq_natasha, uniq_robin

Action                     || total
---------------------------++-------
  Melee: Spear             ||    26
   Cast: Freeze            ||    36
    Use: Scroll            ||     3
   Stab: Sleeping          ||     1
 Armour: Robe              ||     8
  Dodge: Dodged            ||    25
